Map: Ephemeron LE

Players

Rogue

  • Race: Zerg Zerg
  • Spawn Location: 11:00

Zest - Winner!

  • Race: Protoss Protoss
  • Spawn Location: 5:00

Event: IEM Katowice 2020

VOD

Have the link to the VOD?

Description

Time

  • Played on: March 1, 2020, 7:05 a.m.
  • Length: 6:05

All games in this series

Show
View Real Time Build Order
Export as new Build Order

Rogue Zerg 

Build Orders: Hatch First 

Get SALT Encoding   

  12  0:00  Drone  
  13  0:12  Overlord  
  13  0:16  Drone  
  14  0:30  Drone  
  14  0:31  Drone  
  16  0:47  Hatchery  
  15  0:51  Drone  
  15  0:55  Drone  
  17  0:58  Drone  
  18  1:09  Extractor  
  17  1:13  Spawning Pool  
  17  1:16  Drone  
  17  1:21  Drone  
  18  1:29  Drone  
  20  1:41  Hatchery, Overlord  
  20  1:44  Extractor  
  18  2:01  Queen  
  18  2:02  Zergling x4  
  22  2:11  Zergling x2  
  22  2:12  Metabolic Boost  
  23  2:23  Spine Crawler  
  23  2:24  Spine Crawler  
  23  2:27  Zergling x2  
  21  2:38  Spine Crawler  
  21  2:41  Zergling x2  
  20  2:50  Zergling x2  
  21  2:54  Queen  
  23  3:01  Zergling x2  
  24  3:12  Zergling x6  
  27  3:19  Zergling x4  
  27  3:29  Zergling x4  
  27  3:30  Baneling Nest  
  27  3:46  Zergling x4  
  27  3:48  Zergling x2  
  29  3:54  Zergling x2  
  29  4:00  Zergling x2  
  30  4:03  Zergling x4  
  32  4:15  Baneling x5  
  32  4:19  Baneling  
  32  4:24  Zergling x2  
  32  4:26  Zergling x2  
  32  4:31  Baneling  
  34  4:35  Zergling x2  
  29  4:53  Zergling x10  
  29  4:59  Zergling x4  
  32  5:03  Zergling x2  
  30  5:07  Zergling x2  
  30  5:10  Zergling x2  
  29  5:15  Zergling x2  
  29  5:19  Zergling x2  
  29  5:21  Zergling x2  
  29  5:26  Zergling x2  
  25  5:32  Zergling x2  
  26  5:37  Zergling x2  
  26  5:41  Zergling x2  
  23  5:46  Zergling x2  
Show
View Real Time Build Order
Export as new Build Order

Zest Protoss - Winner!

Build Orders:  

Get SALT Encoding   

  12  0:00  Probe  
  13  0:12  Probe  
  14  0:17  Pylon  
  14  0:25  Probe (Chrono Boost)  
  15  0:36  Gateway  
  15  0:37  Probe (Chrono Boost)  
  16  0:44  Probe (Chrono Boost)  
  16  0:46  Assimilator  
  17  0:51  Probe  
  18  1:00  Forge  
  18  1:03  Probe  
  19  1:14  Pylon  
  20  1:20  Pylon  
  19  1:26  Pylon  
  20  1:34  Photon Cannon  
  19  1:43  Cybernetics Core  
  19  1:46  Probe  
  20  2:12  Photon Cannon  
  20  2:19  Robotics Facility  
  20  2:26  Shield Battery  
  20  2:30  Shield Battery  
  20  2:32  Pylon  
  20  2:42  Pylon  
  20  2:51  Pylon  
  20  3:00  Shield Battery  
  20  3:03  Immortal (Chrono Boost)  
  24  3:13  Shield Battery  
  24  3:16  Shield Battery  
  24  3:32  Immortal (Chrono Boost)  
  28  3:45  Photon Cannon  
  28  3:49  Shield Battery  
  28  4:03  Pylon  
  28  4:08  Warp Prism (Chrono Boost)  
  30  4:23  Pylon  
  30  4:25  Sentry (Chrono Boost)  
  30  4:26  Shield Battery  
  32  4:47  Immortal (Chrono Boost)  
  35  4:53  Shield Battery  
  35  5:00  Pylon  
  35  5:07  Pylon  
  34  5:39  Probe  
  34  5:41  Assimilator  
  35  5:45  Stargate  
  35  5:51  Probe  
  35  5:56  Pylon  

Tags
 
Add a new tag
Caveats
  • Supply blocks, unpowered buildings, or Contaminate may cause inaccurate times.
  • Supply counts are checked every 10 seconds.